 Dungeon Crawl Stone Soup version 0.31-a0-702-gf82c85558f (webtiles) character file.

Game seed: 5959608191907378579

10864 qw the Skirmisher (level 11, -4/72 HPs)
             Began as a Gargoyle Hunter on Sept 8, 2023.
             Was a Priest of Okawaru.
             Killed from afar by a lava snake (12 damage)
             ... with a glob of lava
             ... on level 10 of the Dungeon.
             The game lasted 00:04:51 (9709 turns).

qw the Skirmisher (Gargoyle Hunter)                 Turns: 9709, Time: 00:04:51

Health: -4/72      AC: 20    Str: 15    XL:     11   Next: 68%
Magic:  14/14      EV: 14    Int: 10    God:    Okawaru [***...]
Gold:   280        SH:  0    Dex: 23    Spells: 10/10 levels left

rFire   . . .        Y - +2 shortbow
rCold   . . .        (shield currently unavailable)
rNeg    + . .        b - +0 ring mail
rPois   inf          (no helmet)
rElec   +            c - +0 cloak
rCorr   .            o - +1 pair of gloves
SInv    +            s - +2 pair of boots {Stlth+}
Will    .....        p - amulet of the acrobat
Stlth   +++          d - ring of see invisible
HPRegen 0.32/turn    g - +6 ring of dexterity
MPRegen 0.14/turn

%: acrobat
@: about to teleport
A: sickness immunity, AC +8, negative energy resistance 1, electricity
resistance, torment resistance 1, petrification resistance
a: Renounce Religion, Heroism


You were on level 10 of the Dungeon.
You worshipped Okawaru.
Okawaru was most pleased with you.
You visited 1 branch of the dungeon, and saw 10 of its levels.

You collected 604 gold pieces.
You spent 324 gold pieces at shops.


Innate Abilities, Weirdness & Mutations

You are immune to sickness and miasma.
Your stone body is resilient. (AC +8)
You are immune to poison.
You resist negative energy. (rN+)
You are resistant to electric shocks. (rElec)
You are resistant to unholy torment.
You are immune to petrification.


   Skills:
 + Level 9.7 Fighting
 - Level 14.0 Ranged Weapons
 - Level 5.1 Armour
 - Level 5.0 Dodging
 - Level 1.1 Stealth
 - Level 4.4 Invocations


You had 10 spell levels left.
You didn't know any spells.
Your spell library was empty.

Inventory:

Hand Weapons
 Y - a +2 shortbow (weapon)
Armour
 b - a +0 ring mail (worn)
 c - a +0 cloak (worn)
 h - a +3 leather armour
 j - a +0 troll leather armour
 o - a +1 pair of gloves (worn)
 s - a +2 pair of boots of stealth (worn)
Jewellery
 d - a ring of see invisible (left hand)
 g - a +6 ring of dexterity (right hand)
 l - a ring of ice
 p - an amulet of the acrobat (around neck)
Scrolls
 a - 2 scrolls of identify
 f - a scroll of teleportation
Potions
 e - a potion of curing
 i - a potion of enlightenment
 k - 3 potions of haste
 m - a potion of might
 n - 2 potions of mutation
 q - a potion of cancellation
 r - a potion of resistance {unknown}
 t - a potion of heal wounds
 u - a potion of lignification {unknown}

Dungeon Overview and Level Annotations

Branches:
Dungeon (10/15)            Temple (0/1) D:6             Orc (0/2) D:9
   Lair: D:8-11

Altars:
Elyvilon
Fedhas
Hepliaklqana
Makhleb
Nemelex Xobeh
Okawaru
Ru
Sif Muna
Trog
Uskayaw
Xom

Shops:
D:2 *   D:9 [

Annotations:
D:4 1 runed translucent door, Crazy Yiuf
D:7 2 transporters, qw's ghost, novice GrHu
D:10 exclusion: 4 lava snakes


Message History

Enter note:
Enter note:
Enter note:
Enter note:
Enter note:
Enter note:
Enter note:
Enter note:
Enter note:
Enter note:
Enter note:
Enter note:
Enter note:
Enter note:
Enter note:
Enter note:
Enter note:
Enter note:
Enter note:
Enter note:
Enter note:
Enter note:
9706 ||| UPGRADING to +3 leather armour.
The lava snake spits lava at you.
You stop removing your armour.
The glob of lava hits you!
9707 ||| UPGRADING to +3 leather armour.
The lava snake spits lava at you.
You stop removing your armour.
The glob of lava hits you but does no damage.
9708 ||| UPGRADING to +3 leather armour.
The lava snake spits lava at you.
You stop removing your armour.
The glob of lava hits you!
9709 ||| READING 2 scrolls of teleportation.
As you read the scroll of teleportation, it crumbles to dust.
You feel strangely unstable. The lava snake spits lava at you.
The glob of lava hits you but does no damage.
The lava snake spits lava at you. The glob of lava hits you!
You die...

#...... ##############
#........ ..##.........#
#......~~~
..##.........# #...¤~¤~~
..#..........###...¤S¤~.
.............#.....¤S¤.>
...#.........#.#....S~~.
...#.........'........~~
..##.....)...##.@.....~.
..##.........####.......
..#######'#### .......
### #.# #...... ###.#
...... ### #...# ..####
..# #.### ..
..#####.######## #.###+
..##.......>...# #..


You could see 3 lava snakes.

Vanquished Creatures
  Pikel (D:6)
  A gargoyle (D:10)
  Psyche (D:8)
  A kobold demonologist (D:10)
  3 trolls
  A hornet (D:7)
  Prince Ribbit (D:6)
  Sigmund (D:5)
  A shadow (D:10)
  A wraith (D:10)
  19 yaks
  Eustachio (D:4)
  4 water moccasins
  Duvessa (D:4)
  3 sky beasts
  4 orc warriors
  2 ogres (D:5)
  A black bear (D:5)
  2 centaurs
  2 phantoms
  3 lemures (D:6)
  2 bullfrogs
  22 kobold brigands
  2 scorpions
  8 wights
  Dowan (D:4)
  3 howler monkeys (D:9)
  A jelly (D:6)
  3 hounds
  3 orc priests
  2 gnoll boudas
  Jessica (D:3)
  Ijyb (D:5)
  Terence (D:3)
  A sleepcap (D:4)
  6 iguanas
  10 orc wizards
  11 gnolls
  17 adders
  A shadow imp (D:6)
  2 dart slugs
  29 orcs
  6 ball pythons
  6 bats
  4 endoplasms
  4 giant cockroaches
  5 goblins
  12 hobgoblins
  2 jackals (D:2)
  25 kobolds
  7 quokkas
  2 frilled lizards
  An orc zombie (D:5)
  3 rats
258 creatures vanquished.

Notes
Turn   | Place    | Note
-------+----------+-------------------------------------------
     0 | D:1      | qw the Gargoyle Hunter began the quest for the Orb.
     0 | D:1      | Reached XP level 1. HP: 12/12 MP: 1/1
     0 | D:1      | 0 ||| qw: Version: 0.3-a-76-g4403597
     0 | D:1      | 0 ||| qw: Game counter: 1082
     0 | D:1      | 0 ||| qw: Melee chars always use a shield: true
     0 | D:1      | 0 ||| qw: God list: Okawaru
     0 | D:1      | 0 ||| qw: Allow faded altars: false
     0 | D:1      | 0 ||| qw: Do Orc after clearing Dungeon:15 true
     0 | D:1      | 0 ||| qw: Do second Lair branch before Depths: true
     0 | D:1      | 0 ||| qw: Lair rune preference: random
     0 | D:1      | 0 ||| qw: Goals: Normal
     0 | D:1      | 0 ||| PLANNING D:1-11
    99 | D:1      | Reached XP level 2. HP: 17/17 MP: 2/2
   145 | D:1      | You fall into a shaft and drop 1 floor!
   146 | D:2      | 146 ||| UPGRADING to ring of see invisible.
   147 | D:2      | 147 ||| DRINKING 2 yellow potions.
   148 | D:2      | 148 ||| DROPPING scroll of butterflies.
   153 | D:2      | 153 ||| STAIRDANCE
   302 | D:1      | Reached XP level 3. HP: 21/21 MP: 3/3
   425 | D:1      | Reached skill level 5 in Ranged Weapons
   510 | D:1      | 510 ||| READING scroll labelled VINNOCO CITYI.
   511 | D:1      | 511 ||| READING scroll labelled MOEHEE SUCIHE.
   552 | D:2      | 552 ||| STAIRDANCE
   578 | D:2      | 578 ||| STAIRDANCE
   586 | D:2      | 586 ||| STAIRDANCE
   763 | D:2      | Found Gegha's General Store.
   771 | D:2      | 771 ||| BUYING +0 pair of gloves (45 gold).
   771 | D:2      | Bought a +0 pair of gloves for 45 gold pieces
   771 | D:2      | 771 ||| SHOPLISTING +3 ring mail (210 gold, have 55).
   917 | D:2      | Reached skill level 3 in Fighting
  1090 | D:2      | Reached XP level 4. HP: 28/28 MP: 4/4
  1324 | D:2      | 1324 ||| UPGRADING to +0 pair of gloves.
  1329 | D:2      | 1329 ||| UPGRADING to +6 ring of dexterity.
  1330 | D:2      | 1330 ||| READING 2 scrolls labelled ZIUWNO CIACS.
  1331 | D:2      | 1331 ||| READING scroll labelled XOKKEU DAALUA.
  1332 | D:2      | 1332 ||| DRINKING 2 bubbling silvery potions.
  1333 | D:2      | 1333 ||| DROPPING potion of brilliance.
  1406 | D:3      | Noticed Terence
  1416 | D:3      | Killed Terence
  1417 | D:3      | Reached XP level 5. HP: 23/32 MP: 5/5
  1622 | D:3      | Noticed Jessica
  1633 | D:3      | Killed Jessica
  1634 | D:3      | Reached skill level 6 in Ranged Weapons
  1965 | D:3      | Found an iron altar of Okawaru.
  1966 | D:3      | 1966 ||| PLANNING OKAWARU WORSHIP
  1966 | D:3      | 1966 ||| READING scroll labelled ZEANUT ETHRACS.
  1967 | D:3      | 1967 ||| READING 2 scrolls of identify.
  1967 | D:3      | 1967 ||| IDENTIFYING sedimented orange potion
  1975 | D:3      | 1975 ||| DRINKING 2 sedimented red potions.
  1976 | D:3      | 1976 ||| DROPPING potion of degeneration.
  1977 | D:3      | Became a worshipper of Warmaster Okawaru
  1978 | D:3      | 1978 ||| PLANNING D:1-11
  2221 | D:4      | 2221 ||| STAIRDANCE
  2232 | D:4      | Reached skill level 1 in Armour
  2251 | D:4      | Reached XP level 6. HP: 19/38 MP: 6/6
  2361 | D:4      | Noticed a water moccasin
  2371 | D:4      | Killed a water moccasin
  2425 | D:4      | Noticed Duvessa
  2427 | D:4      | Noticed Dowan
  2430 | D:4      | Killed Duvessa
  2431 | D:4      | Reached XP level 7. HP: 43/43 MP: 7/7
  2433 | D:4      | Killed Dowan
  2434 | D:4      | Reached skill level 7 in Ranged Weapons
  2453 | D:4      | 2453 ||| Stepping ~*~*~tactically~*~*~ (outnumbered).
  2455 | D:4      | 2455 ||| Stepping ~*~*~tactically~*~*~ (outnumbered).
  2469 | D:4      | Reached * piety under Okawaru
  2470 | D:4      | 2470 ||| INVOKING Heroism.
  2764 | D:4      | 2764 ||| Stepping ~*~*~tactically~*~*~ (outnumbered).
  2767 | D:4      | 2767 ||| Stepping ~*~*~tactically~*~*~ (outnumbered).
  2783 | D:4      | HP: 8/43 [gnoll/+0 spear (5)]
  2784 | D:4      | 2784 ||| DRINKING potion of heal wounds.
  2792 | D:4      | 2792 ||| INVOKING Heroism.
  2793 | D:4      | 2793 ||| INVOKING Heroism.
  2890 | D:4      | Noticed Eustachio
  2891 | D:4      | 2891 ||| INVOKING Heroism.
  2908 | D:4      | Killed Eustachio
  2909 | D:4      | Reached skill level 8 in Ranged Weapons
  2909 | D:4      | Reached XP level 8. HP: 33/48 MP: 6/8
  3143 | D:4      | Reached skill level 1 in Invocations
  3144 | D:4      | Identified the +3 flail of Balance {venom, Will+ Str+4
                  | Int-3}
  3159 | D:4      | Found a runed translucent door.
  3160 | D:4      | Noticed Crazy Yiuf
  3557 | D:4      | 3557 ||| UPGRADING to +0 ring mail.
  3567 | D:4      | 3567 ||| DROPPING +0 leather armour.
  3568 | D:4      | 3568 ||| UPGRADING to +1 pair of gloves.
  3578 | D:4      | 3578 ||| DROPPING +0 pair of gloves.
  3579 | D:4      | 3579 ||| READING scroll labelled YMEHACRACH.
  3580 | D:4      | 3580 ||| READING scroll labelled DIAGIFO LUDOCA.
  3581 | D:4      | 3581 ||| READING scroll labelled FANWEM IRRUIM.
  3582 | D:4      | 3582 ||| DRINKING 2 viscous coppery potions.
  3633 | D:5      | Entered Level 5 of the Dungeon
  3634 | D:5      | 3634 ||| PLANNING OSSUARY
  3634 | D:5      | 3634 ||| INVOKING Heroism.
  3635 | D:5      | 3635 ||| STAIRDANCE
  3755 | D:5      | HP: 11/48 [ogre/+0 giant club (17)]
  3756 | D:5      | 3756 ||| INVOKING Heroism.
  3762 | D:5      | HP: 11/49 [quokka (2)]
  3765 | D:5      | 3765 ||| STAIRDANCE
  4079 | D:5      | 4079 ||| INVOKING Heroism.
  4083 | D:5      | Reached skill level 3 in Invocations
  4200 | D:5      | Reached skill level 9 in Ranged Weapons
  4237 | D:5      | Noticed Sigmund
  4241 | D:5      | 4241 ||| Stepping ~*~*~tactically~*~*~ (retreating).
  4242 | D:5      | 4242 ||| INVOKING Heroism.
  4257 | D:5      | Killed Sigmund
  4258 | D:5      | Reached XP level 9. HP: 39/55 MP: 9/12
  4401 | D:5      | Found a sacrificial altar of Ru.
  4408 | D:5      | 4408 ||| READING scroll of enchant weapon.
  4408 | D:5      | 4408 ||| ENCHANTING +1 shortbow.
  4421 | D:5      | 4421 ||| RIP OSSUARY
  4475 | D:5      | 4475 ||| PLANNING D:1-11
  4476 | D:5      | Noticed Ijyb
  4477 | D:5      | 4477 ||| INVOKING Heroism.
  4486 | D:5      | Killed Ijyb
  4487 | D:5      | Reached skill level 3 in Dodging
  4662 | D:5      | 4662 ||| UPGRADING to +0 cloak.
  4667 | D:5      | 4667 ||| UPGRADING to +0 pair of boots.
  4672 | D:5      | 4672 ||| READING scroll labelled YMMESSOUCO.
  4673 | D:5      | 4673 ||| DRINKING 2 smoky clear potions.
  4674 | D:5      | 4674 ||| READING 4 scrolls of identify.
  4674 | D:5      | 4674 ||| IDENTIFYING murky amethyst potion
  4675 | D:5      | 4675 ||| READING 3 scrolls of identify.
  4675 | D:5      | 4675 ||| IDENTIFYING brown potion
  4676 | D:5      | 4676 ||| READING 2 scrolls of identify.
  4676 | D:5      | 4676 ||| IDENTIFYING fuming green potion
  4677 | D:5      | 4677 ||| DROPPING potion of invisibility.
  4742 | D:6      | Reached skill level 3 in Armour
  4762 | D:6      | Reached skill level 6 in Fighting
  4783 | D:6      | 4783 ||| Stepping ~*~*~tactically~*~*~ (retreating).
  4807 | D:6      | Reached ** piety under Okawaru
  4851 | D:6      | Found a shimmering altar of Xom.
  4952 | D:6      | 4952 ||| INVOKING Heroism.
  4974 | D:6      | 4974 ||| UPGRADING to amulet of the acrobat.
  4986 | D:6      | Found a hazy altar of Hepliaklqana.
  4990 | D:6      | Found a shimmering blue altar of Sif Muna.
  4991 | D:6      | Found a hide-covered altar of Uskayaw.
  5240 | D:6      | Noticed Prince Ribbit
  5241 | D:6      | 5241 ||| INVOKING Heroism.
  5247 | D:6      | Killed Prince Ribbit
  5248 | D:6      | Reached skill level 10 in Ranged Weapons
  5263 | D:6      | Noticed Pikel
  5264 | D:6      | 5264 ||| RETREATING.
  5312 | D:6      | 5312 ||| INVOKING Heroism.
  5327 | D:6      | Killed Pikel
  5385 | D:6      | Found a staircase to the Ecumenical Temple.
  5499 | D:6      | 5499 ||| READING 2 scrolls labelled COITTU HOMUVONIB.
  5503 | D:6      | 5503 ||| READING scroll labelled ESOAFYMATT.
  5704 | D:7      | Noticed a troll
  5705 | D:7      | 5705 ||| INVOKING Heroism.
  5713 | D:7      | Killed a troll
  5714 | D:7      | Reached skill level 11 in Ranged Weapons
  5714 | D:7      | Reached XP level 10. HP: 45/64 MP: 11/13
  5800 | D:7      | Found a transporter.
  5804 | D:7      | Noticed qw's ghost (novice GrHu)
  5827 | D:7      | Found a transporter.
  5856 | D:7      | 5856 ||| Stepping ~*~*~tactically~*~*~ (outnumbered).
  5859 | D:7      | 5859 ||| Stepping ~*~*~tactically~*~*~ (outnumbered).
  5865 | D:7      | 5865 ||| INVOKING Heroism.
  6302 | D:7      | 6302 ||| INVOKING Heroism.
  6744 | D:7      | 6744 ||| READING scroll labelled CYHUREONNA.
  6799 | D:8      | 6799 ||| STAIRDANCE
  6801 | D:7      | 6801 ||| INVOKING Heroism.
  6821 | D:8      | 6821 ||| STAIRDANCE
  6829 | D:8      | 6829 ||| STAIRDANCE
  6860 | D:8      | 6860 ||| DRINKING 2 potions of curing.
  6860 | D:8      | 6860 ||| (to cure confusion)
  6908 | D:8      | 6908 ||| RETREATING.
  6930 | D:8      | 6930 ||| INVOKING Heroism.
  6953 | D:8      | 6953 ||| INVOKING Heroism.
  6957 | D:8      | Reached skill level 12 in Ranged Weapons
  7266 | D:8      | 7266 ||| INVOKING Heroism.
  7419 | D:8      | Found a white marble altar of Elyvilon.
  7439 | D:8      | Noticed Psyche
  7440 | D:8      | 7440 ||| INVOKING Heroism.
  7445 | D:8      | 7445 ||| DRINKING potion of cancellation.
  7446 | D:8      | Killed Psyche
  7757 | D:9      | Found a bloodstained altar of Trog.
  7761 | D:9      | 7761 ||| Stepping ~*~*~tactically~*~*~ (outnumbered).
  8048 | D:9      | 8048 ||| INVOKING Heroism.
  8208 | D:9      | 8208 ||| RETREATING.
  8215 | D:9      | 8215 ||| INVOKING Heroism.
  8218 | D:9      | 8218 ||| Stepping ~*~*~tactically~*~*~ (retreating).
  8219 | D:9      | 8219 ||| Stepping ~*~*~tactically~*~*~ (retreating).
  8225 | D:9      | Reached skill level 13 in Ranged Weapons
  8242 | D:9      | Reached XP level 11. HP: 43/69 MP: 14/14
  8257 | D:9      | 8257 ||| INVOKING Heroism.
  8485 | D:9      | Found Cumun's Armour Emporium.
  8493 | D:9      | 8493 ||| BUYING +2 pair of boots of stealth (279 gold).
  8493 | D:9      | Bought a +2 pair of boots of stealth for 279 gold pieces
  8529 | D:9      | Found a staircase to the Orcish Mines.
  8567 | D:9      | Found a blossoming altar of Fedhas.
  8574 | D:9      | Found a burning altar of Makhleb.
  8649 | D:9      | 8649 ||| UPGRADING to +2 pair of boots of stealth.
  8659 | D:9      | 8659 ||| DROPPING +0 pair of boots.
  8660 | D:9      | 8660 ||| READING 3 scrolls of identify.
  8660 | D:9      | 8660 ||| IDENTIFYING sedimented brown potion
  8661 | D:9      | 8661 ||| READING 2 scrolls of identify.
  8661 | D:9      | 8661 ||| IDENTIFYING white potion
  8662 | D:9      | 8662 ||| DROPPING potion of attraction.
  8696 | D:10     | Entered Level 10 of the Dungeon
  8749 | D:10     | Reached skill level 9 in Fighting
  8750 | D:10     | 8750 ||| INVOKING Heroism.
  8996 | D:10     | 8996 ||| RETREATING.
  8997 | D:10     | 8997 ||| Stepping ~*~*~tactically~*~*~ (outnumbered).
  9000 | D:10     | 9000 ||| Stepping ~*~*~tactically~*~*~ (outnumbered).
  9002 | D:10     | 9002 ||| RETREATING.
  9013 | D:10     | 9013 ||| Stepping ~*~*~tactically~*~*~ (outnumbered).
  9014 | D:10     | 9014 ||| RETREATING.
  9026 | D:10     | 9026 ||| Stepping ~*~*~tactically~*~*~ (outnumbered).
  9027 | D:10     | 9027 ||| RETREATING.
  9059 | D:10     | Reached *** piety under Okawaru
  9071 | D:10     | 9071 ||| Stepping ~*~*~tactically~*~*~ (outnumbered).
  9073 | D:10     | 9073 ||| RETREATING.
  9098 | D:10     | 9098 ||| INVOKING Heroism.
  9104 | D:10     | 9104 ||| Stepping ~*~*~tactically~*~*~ (outnumbered).
  9113 | D:10     | 9113 ||| RETREATING.
  9122 | D:10     | 9122 ||| INVOKING Heroism.
  9267 | D:10     | 9267 ||| RETREATING.
  9273 | D:10     | 9273 ||| INVOKING Heroism.
  9276 | D:10     | Reached skill level 14 in Ranged Weapons
  9301 | D:10     | 9301 ||| INVOKING Heroism.
  9374 | D:10     | 9374 ||| RETREATING.
  9380 | D:10     | 9380 ||| Stepping ~*~*~tactically~*~*~ (outnumbered).
  9381 | D:10     | 9381 ||| FLEEEEING.
  9383 | D:10     | 9383 ||| FLEEEEING.
  9384 | D:10     | 9384 ||| FLEEEEING.
  9389 | D:10     | 9389 ||| RETREATING.
  9390 | D:10     | 9390 ||| INVOKING Heroism.
  9400 | D:10     | 9400 ||| Stepping ~*~*~tactically~*~*~ (retreating).
  9401 | D:10     | 9401 ||| Stepping ~*~*~tactically~*~*~ (retreating).
  9437 | D:10     | 9437 ||| FLEEEEING.
  9438 | D:10     | 9438 ||| FLEEEEING.
  9439 | D:10     | 9439 ||| FLEEEEING.
  9546 | D:10     | Found a sparkling altar of Nemelex Xobeh.
  9687 | D:10     | 9687 ||| UPGRADING to +3 leather armour.
  9690 | D:10     | 9690 ||| UPGRADING to +3 leather armour.
  9691 | D:10     | 9691 ||| UPGRADING to +3 leather armour.
  9694 | D:10     | 9694 ||| UPGRADING to +3 leather armour.
  9695 | D:10     | 9695 ||| UPGRADING to +3 leather armour.
  9698 | D:10     | 9698 ||| UPGRADING to +3 leather armour.
  9699 | D:10     | 9699 ||| UPGRADING to +3 leather armour.
  9701 | D:10     | 9701 ||| UPGRADING to +3 leather armour.
  9702 | D:10     | 9702 ||| UPGRADING to +3 leather armour.
  9703 | D:10     | 9703 ||| UPGRADING to +3 leather armour.
  9704 | D:10     | 9704 ||| UPGRADING to +3 leather armour.
  9706 | D:10     | 9706 ||| UPGRADING to +3 leather armour.
  9707 | D:10     | 9707 ||| UPGRADING to +3 leather armour.
  9708 | D:10     | 9708 ||| UPGRADING to +3 leather armour.
  9708 | D:10     | HP: 7/72 [lava snake/glob of lava (12)]
  9709 | D:10     | 9709 ||| READING 2 scrolls of teleportation.
  9709 | D:10     | Killed from afar by a lava snake

Levels and vault maps discovered:
D:1:      dpeg_arrival_boxorama, layout_rooms, serial_park_tiny_2
D:2:      wad_lake_hut, layout_loops_ring, serial_glass, glass_columns_c,
          glass_columns_a, glass_columns_a, glass_columns_a, glass_columns_b,
          glass_columns_a, serial_shops, shop, minmay_shallow_snake_nest
D:3:      layout_loops_corners, okawaru_metal_pillars_1_2, uniq_jessica,
          uniq_terence
D:4:      layout_cave_pods, minmay_bisected, uniq_eustachio, uniq_duvessa,
          uniq_crazy_yiuf_cottage
D:5:      layout_rooms, nicolae_ru_path_of_blood, enter_ossuary_3, uniq_sigmund,
          uniq_ijyb
D:6:      layout_basic, xom_teletrap_fun, minitemple, lemuel_temple_firewalk_b,
          uniq_pikel, uniq_prince_ribbit1
D:7:      layout_basic, gammafunk_ghost_stat_death
D:8:      layout_cave_pools, elyvilon_altar_4, uniq_psyche
D:9:      layout_gridville, trog_hazing_becter, mainiacjoe_overflow_big_doors,
          orc_0_dummy, serial_shops, shop
D:10:     layout_roguey [special_room_kobold], nemelex_altar_shiori,
          disabler_island, uniq_erolcha

Skill      XL: |  1  2  3  4  5  6  7  8  9 10 11 |
---------------+----------------------------------+-----
Ranged Weapons | 5 6 8 9 11 13 14 | 14.0
Fighting       | 3 4 5 7 8 9 |  9.7
Armour         | 1 2 3 4 5 |  5.1
Dodging        | 2 3 4 5 |  5.0
Invocations    | 4 |  4.4
Stealth        | |  1.1

Action                     |  1- 3 |  4- 6 |  7- 9 | 10-12 || total
---------------------------+-------+-------+-------+-------++-------
   Fire: Shortbow          |   101 |   106 |   362 |   657 ||  1226
 Invoke: Heroism           |       |       |    12 |    16 ||    28
    Use: Potion            |     1 |     2 |     3 |     2 ||     8
         Scroll            |     2 |     4 |    10 |     4 ||    20
 Armour: Leather armour    |    37 |    45 |    46 |       ||   128
         Ring mail         |       |       |    91 |   229 ||   320
  Dodge: Dodged            |    26 |    41 |   136 |   282 ||   485

Table legend:
 A = Non-vault XP
 B = Vault XP
 C = Vault XP percentage of total XP
 D = Non-vault monster count
 E = Vault monster count
 F = Vault count percentage of total count
                 A         B        C        D         E       F
            +---------+---------+-------+---------+---------+-------
      Total |   11268 |    4253 |  27.4 |     204 |      51 |  20.0
            +---------+---------+-------+---------+---------+-------
        D:1 |      48 |       0 |   0.0 |      24 |       0 |   0.0
        D:2 |      47 |      16 |  25.4 |      13 |       3 |  18.8
        D:3 |      70 |      73 |  51.0 |      13 |       2 |  13.3
        D:4 |     653 |     424 |  39.4 |      23 |       7 |  23.3
        D:5 |     865 |     268 |  23.7 |      14 |       3 |  17.6
        D:6 |     900 |     897 |  49.9 |      18 |       2 |  10.0
        D:7 |    1658 |       0 |   0.0 |      24 |       0 |   0.0
        D:8 |    1809 |     367 |  16.9 |      19 |       2 |   9.5
        D:9 |    1449 |       9 |   0.6 |      26 |       6 |  18.8
       D:10 |    3769 |    2199 |  36.8 |      30 |      26 |  46.4
            +---------+---------+-------+---------+---------+-------
